 Dungeon Crawl Stone Soup version 0.20.1-1-g8b1a95d (webtiles) character file.

1908 Zedayar the Grappler (level 8, -2/78 (79) HPs)
             Began as a Troll Berserker on Aug 26, 2017.
             Was a Priest of Trog.
             Slain by Joseph
             ... wielding a +0 quarterstaff
              (10 damage)
             ... on level 7 of the Dungeon.
             The game lasted 00:23:01 (4723 turns).

Zedayar the Grappler (Troll Berserker)              Turns: 4723, Time: 00:23:01

HP:   -2/78 (79)    AC:  5    Str: 28    XL:     8   Next: 94%
MP:   7/7           EV: 14    Int:  5    God:    Trog [***...]
Gold: 259           SH:  0    Dex:  9    Spells: 7/7 levels left

rFire    . . .     SeeInvis .     - Unarmed
rCold    . . .     Gourm    +   (no shield)
rNeg     . . .     Faith    .   o - +0 robe
rPois    .         Spirit   .   (helmet restricted)
rElec    .         Reflect  .   (no cloak)
rCorr    .         Harm     .   (gloves unavailable)
MR       +....                  (boots unavailable)
Stlth    +.........             (no amulet)
Regen    0.7/turn               x - +2 ring of evasion
MPRegen  0.1/turn               q - ring of protection from magic

@: no status effects
A: unfitting armour, claws 3, clever 1, fast metabolism 3, gourmand,
regeneration 1, shaggy fur 1, tough skin 2
a: Berserk, Trog's Hand, Burn Spellbooks, Renounce Religion


You were on level 7 of the Dungeon.
You worshipped Trog.
Trog was most pleased with you.
You were not hungry.

You visited 1 branch of the dungeon, and saw 7 of its levels.
You also visited: Sewer.

You collected 259 gold pieces.

Inventory:

Armour
 a - a +0 animal skin
 o - a +0 robe (worn)
Jewellery
 e - an uncursed ring of stealth
 q - a ring of protection from magic (right claw)
 x - a +2 ring of evasion (left claw)
Wands
 n - a wand of disintegration (15/24)
Scrolls
 c - a scroll of recharging
 d - 3 scrolls of identify
 h - 3 scrolls of blinking {unknown}
 i - 2 scrolls of remove curse
 j - a scroll of immolation {unknown}
 l - 3 scrolls of enchant armour {unknown}
 r - 3 scrolls of magic mapping {unknown}
 s - a scroll of amnesia {unknown}
 v - 2 scrolls of teleportation {unknown}
 w - a scroll of enchant weapon {unknown}
Potions
 f - 3 potions of flight
 g - 3 potions of curing
 p - 2 potions of heal wounds
 t - a potion of might {unknown}
 z - a potion of haste
Comestibles
 b - 3 bread rations
 k - 8 fruits
 m - 2 royal jellies
 u - 3 meat rations


   Skills:
 * Level 4.5 Fighting
   Level 0.1 Polearms
 + Level 5.7 Dodging
 - Level 0.7 Stealth
 * Level 9.0 Unarmed Combat


You had 7 spell levels left.
You didn't know any spells.

Dungeon Overview and Level Annotations

Branches:
Dungeon (7/15)             Temple (0/1) D:6

Altars:
Nemelex Xobeh
Yredelemnul
Zin

Annotations:
D:7 Joseph


Innate Abilities, Weirdness & Mutations

You are too large for most types of armour.
You have claws for hands.
Your metabolism is lightning-fast.
You like to eat raw meat.
Your natural rate of healing is unusually fast.
You are covered in fur. (AC +1)
You have very tough skin. (AC +2)
Your mind is acute. (Int +2)


Message History

You closely miss Joseph.
Joseph is moderately wounded.
Joseph hits you with an uncursed quarterstaff.
* * * LOW HITPOINT WARNING * * *
You scratch Joseph but do no damage.
Joseph is moderately wounded.
Joseph misses you.
You closely miss Joseph.
Joseph is moderately wounded.
You closely miss Joseph.
Joseph is moderately wounded.
Joseph hits you with an uncursed quarterstaff!!
* * * LOW HITPOINT WARNING * * *
You claw Joseph!
Joseph is heavily wounded.
Joseph barely misses you.
You barely miss Joseph.
Joseph is heavily wounded.
Joseph hits you with an uncursed quarterstaff!
You die...

#.
+.........##.#.#####
#.####............#.#
#......###..........#
###.((.#
########'#####
#.((.########.......#
##..........#.......+
#..........#.......#
#.(........#.......#
#...@@.....#.......#
#..:.......#.......#
#..........#...>...#
#..<..$....#########
##...####### #...#
#####


You could see Joseph.

Vanquished Creatures
  Menkaure (D:5)
  Duvessa (D:5)
  An ice beast (D:6)
  A black bear (D:7)
  A necrophage (D:7)
  2 sky beasts
  2 ogres
  A centaur (D:7)
  A crocodile (Sewer)
  A bullfrog (D:7)
  A big kobold (D:7)
  Dowan (D:5)
  A scorpion (D:3)
  2 howler monkeys
  3 crimson imps
  2 bullfrog zombies
  2 orc wizards
  2 hounds
  3 worker ants
  A hound skeleton (D:7)
  A howler monkey skeleton (D:5)
  6 adders
  7 gnolls
  A shadow imp (D:5)
  4 worms (D:3)
  A dart slug (D:2)
  3 leopard geckos
  18 orcs
  9 bats
  3 goblins
  3 hobgoblins
  7 jackals
  11 kobolds
  4 quokkas
  2 frilled lizards (D:3)
  2 gnoll zombies (D:3)
  2 rats
114 creatures vanquished.

Notes
Turn   | Place    | Note
-------+----------+-------------------------------------------
     0 | D:1      | Zedayar the Troll Berserker began the quest for the Orb.
     0 | D:1      | Reached XP level 1. HP: 22/22 MP: 0/0
   287 | D:2      | Reached XP level 2. HP: 29/29 MP: 1/1
   566 | D:3      | Found a glowing drain.
   583 | D:3      | Reached XP level 3. HP: 36/36 MP: 2/2
   599 | Sewer    | Entered a sewer
   660 | Sewer    | Noticed a crocodile
   666 | Sewer    | Killed a crocodile
   666 | Sewer    | Reached skill level 4 in Unarmed Combat
   666 | Sewer    | Reached XP level 4. HP: 36/45 MP: 3/3
  1107 | D:3      | Reached ** piety under Trog
  1107 | D:3      | Reached XP level 5. HP: 16/53 MP: 4/4
  1359 | D:3      | Found a basalt altar of Yredelemnul.
  1417 | D:3      | Gained mutation: Your mind is acute. (Int +2) [potion of mutation]
  1417 | D:3      | Gained mutation: You are robust. (+10% HP) [potion of mutation]
  1417 | D:3      | Gained mutation: Your muscles are strong. (Str +2) [potion of mutation]
  1809 | D:4      | Noticed an ogre
  1861 | D:4      | Killed an ogre
  1861 | D:4      | Reached XP level 6. HP: 67/67 MP: 5/5
  2082 | D:4      | Reached skill level 5 in Unarmed Combat
  2574 | D:5      | Entered Level 5 of the Dungeon
  2650 | D:5      | Paralysed by fainting for 8 turns
  2685 | D:5      | Paralysed by fainting for 9 turns
  2826 | D:5      | Noticed Menkaure
  2835 | D:5      | Killed Menkaure
  2835 | D:5      | Reached XP level 7. HP: 74/74 MP: 6/6
  3018 | D:5      | Noticed Dowan
  3020 | D:5      | Noticed Duvessa
  3033 | D:5      | Killed Duvessa
  3044 | D:5      | Killed Dowan
  3044 | D:5      | Reached skill level 5 in Dodging
  3113 | D:5      | Found a sparkling altar of Nemelex Xobeh.
  3521 | D:6      | Found a glowing silver altar of Zin.
  3522 | D:6      | Found Zin's Purification Station.
  3643 | D:6      | Reached skill level 6 in Unarmed Combat
  3888 | D:6      | Reached *** piety under Trog
  3888 | D:6      | Reached XP level 8. HP: 85/85 MP: 7/7
  3951 | D:6      | Reached skill level 7 in Unarmed Combat
  4025 | D:6      | Found a staircase to the Ecumenical Temple.
  4221 | D:7      | Gained mutation: Your mind is very acute. (Int +4) [mutagenic meat]
  4222 | D:7      | Lost mutation: Your muscles are strong. (Str +2) [mutagenic meat]
  4223 | D:7      | Lost mutation: You are robust. (+10% HP) [mutagenic meat]
  4224 | D:7      | Lost mutation: Your mind is very acute. (Int +4) [mutagenic meat]
  4296 | D:7      | Reached skill level 8 in Unarmed Combat
  4664 | D:7      | Reached skill level 9 in Unarmed Combat
  4702 | D:7      | Noticed Joseph
  4723 | D:7      | Slain by Joseph

Skill      XL: |  1  2  3  4  5  6  7  8 |
---------------+-------------------------+-----
Fighting       | 3 4 |  4.5
Dodging        | 3 4 5 |  5.7
Unarmed Combat | 4 5 6 9 |  9.0
Polearms       | |  0.1
Stealth        | |  0.7

Action                   |  1- 3 |  4- 6 |  7- 9 || total
-------------------------+-------+-------+-------++-------
Melee: Unarmed           |    52 |    98 |   181 ||   331
       Punch             |     1 |     4 |     8 ||    13
       Short sword       |       |    78 |       ||    78
       Halberd           |       |    55 |       ||    55
       Whip              |       |       |    11 ||    11
Invok: Berserk           |     1 |     3 |     5 ||     9
       Burn Spellbooks   |       |     1 |       ||     1
  Use: Potion            |       |     7 |       ||     7
       Scroll            |       |     4 |     1 ||     5
 Stab: Sleeping          |       |     1 |     3 ||     4
       Distracted        |       |       |     1 ||     1
  Eat: Chunk             |     6 |    17 |    15 ||    38
       Bread ration      |       |     1 |     3 ||     4
Armor: Animal skin       |    58 |    76 |       ||   134
       Robe              |       |    39 |    40 ||    79
Dodge: Dodged            |    63 |   179 |   107 ||   349
